 Dungeon Sprint DCSS version 0.24-a0-616-ge2a249a6fd (webtiles) character file.

Game seed: 15917219859875868040, levelgen mode: deterministic

183251701 MordorOrchid the Archmage (level 22, 194/233 HPs)
             Began as a White Draconian Venom Mage on Sept 14, 2019.
             Was the Champion of Sif Muna.
             Escaped with the Orb
             ... and 17 runes on Sept 15, 2019!
             The game lasted 03:13:59 (9920 turns).

MordorOrchid the Archmage (DrVM)                    Turns: 9920, Time: 03:13:59

Health: 194/233    AC: 27    Str: 12    XL:     22   Next: 92%
Magic:  53/53      EV: 28    Int: 23    God:    Sif Muna [******]
Gold:   119        SH: 32    Dex: 13    Spells: 0/75 levels left

rFire    + + .     SeeInvis .   x - staff of energy
rCold    + + .     Gourm    .   M - +8 large shield
rNeg     + + +     Faith    .   (armour unavailable)
rPois    ∞         Spirit   .   B - +2 hat
rElec    .         Reflect  .   i - +2 cloak
rCorr    .         Harm     .   U - +2 pair of gloves
MR       ++...     NoTele   +   v - +1 pair of boots
Stlth    +.........             (no amulet)
HPRegen  0.48/turn              K - ring of protection from fire
MPRegen  0.33/turn              I - ring of protection from fire

@: lich-form, very slightly contaminated, hasted, very quick
A: (breathe frost), unfitting armour, cold resistance 1, cold-blooded, AC +11
0: Orb of Zot
}: 17/17 runes: decaying, serpentine, barnacled, slimy, elven, silver, golden,
iron, obsidian, icy, bone, abyssal, glowing, magical, fiery, dark, gossamer
a: End Transformation, Channel Magic, Forget Spell, Divine Exegesis, Renounce
Religion


You escaped.
You worshipped Sif Muna.
Sif Muna was exalted by your worship.
You were not hungry.
You were a lich.
You visited 1 branch You collected 1997 gold pieces.
You spent 1878 gold pieces at shops.

Inventory:

Hand Weapons
 m - a +2 scimitar of holy wrath
 q - the +4 staff of Dispater
   (You took it off Dispater in the Dungeon)
 u - the +5 mace "Mumoare" {holy, *Slow rF++ MR+ MP+9}
   (You found it in the Dungeon)

   It has been blessed by the Shining One to cause great damage to the undead
   and demons.
   It greatly protects you from fire.
   It affects your resistance to hostile enchantments.
   It affects your magic capacity (+9).
   It may slow you when you take damage.
 y - a +9 rapier of electrocution
 D - a +2 rapier of flaming
 L - a +3 quick blade
 Y - the +7 sceptre of Asmodeus
   (You took it off Asmodeus in the Dungeon)
Missiles
 l - 19 javelins
 w - 7 atropa-tipped darts (quivered)
 N - 17 silver javelins
 O - 3 throwing nets
Armour
 i - a +2 cloak (worn)
 v - a +1 pair of boots (worn)
 B - a +2 hat (worn)
 M - a +8 large shield (worn)
 U - a +2 pair of gloves (worn)
 V - the +0 hat of Xauroth {MR+ MP-9 Int+4 Stlth+}
   (You found it in the Dungeon)

   It affects your intelligence (+4).
   It affects your resistance to hostile enchantments.
   It affects your magic capacity (-9).
   It makes you more stealthy.
Magical Staves
 o - an uncursed staff of fire
 x - an uncursed staff of energy (weapon)
Jewellery
 E - the ring "Quvvon" {-Tele +Inv rPois rC+}
   (You found it in the Dungeon)

   [ring of poison resistance]

   It protects you from cold.
   It protects you from poison.
   It lets you turn invisible.
   It prevents most forms of teleportation.
 H - the ring "Trusted Companion" {Ice MR+}
   (You found it in the Dungeon)

   [ring of ice]

   It enhances your ice magic.
   It makes you vulnerable to fire.
   It protects you from cold.
   It affects your resistance to hostile enchantments.
 I - a ring of protection from fire (right hand)
 J - an uncursed ring of fire
 K - a ring of protection from fire (left hand)
 P - a +6 ring of dexterity
 Q - a +6 ring of strength
 R - an uncursed ring of protection from magic
 Z - an uncursed ring of wizardry
Wands
 j - a wand of iceblast (4)
 n - a wand of enslavement (6)
 G - a wand of flame (13)
Scrolls
 g - 7 scrolls of remove curse
 h - 10 scrolls of blinking
 z - 2 scrolls of immolation
 A - 14 scrolls of identify
 C - 3 scrolls of fog
 F - a scroll of silence
Potions
 c - 8 potions of curing
 d - 9 potions of heal wounds
 e - 3 potions of mutation
 f - 3 potions of magic
 r - 3 potions of brilliance
 t - 5 potions of berserk rage
 W - 2 potions of resistance
Miscellaneous
 k - the horn of Geryon
 p - a phial of floods
Comestibles
 b - 3 rations


   Skills:
 O Level 27 Fighting
 * Level 12.2 Short Blades
 * Level 24.9 Dodging
 - Level 6.0 Stealth
 * Level 26.1 Shields
 O Level 27 Spellcasting
 O Level 27 Conjurations
 - Level 8.5 Hexes
 * Level 21.6 Summonings
 + Level 22.8 Necromancy
 - Level 5.2 Translocations
 + Level 23.9 Transmutations
 O Level 27 Fire Magic
 O Level 27 Ice Magic
 * Level 11.9 Air Magic
 - Level 18.6 Earth Magic
 - Level 6.2 Poison Magic
 - Level 13.4 Invocations
 - Level 17.5 Evocations


You couldn't memorise any spells.
You knew the following spells:

 Your Spells              Type           Power        Failure   Level  Hunger
a - Confusing Touch       Hex            ######       1%          1    N/A
b - Airstrike             Air            ######....   1%          4    N/A
e - Borgnjor's Vile Clut  Necr/Erth      ########..   0%          5    N/A
f - Fire Storm            Conj/Fire      ########..   1%          9    N/A
g - Mephitic Cloud        Conj/Pois/Air  #######.     0%          3    N/A
j - Summon Lightning Spi  Summ/Air       #######.     0%          4    N/A
k - Regeneration          Chrm/Necr      #######...   1%          3    N/A
l - Glaciate              Conj/Ice       ########..   1%          9    N/A
n - Necromutation         Tmut/Necr      ########..   1%          8    N/A
o - Orb of Destruction    Conj           ########..   0%          7    N/A
r - Irradiate             Conj/Tmut      #######...   0%          5    N/A
s - Spellforged Servitor  Conj/Summ      #######...   1%          7    N/A
x - Blink                 Tloc           N/A          1%          2    N/A
y - Shroud of Golubria    Chrm/Tloc      #####.       1%          2    N/A
Y - Statue Form           Tmut/Erth      #######..    1%          6    N/A

Your spell library contained the following spells:

 Spells                   Type           Power        Failure   Level  Hunger
 Animate Skeleton         Necr           N/A          0%          1    N/A
 Beastly Appendage        Tmut           ######       0%          1    N/A
 Flame Tongue             Conj/Fire      #####        0%          1    N/A
 Freeze                   Ice            ####         0%          1    N/A
 Magic Dart               Conj           ####         0%          1    N/A
 Pain                     Necr           ####         0%          1    N/A
 Sandblast                Erth           ######       0%          1    N/A
 Shock                    Conj/Air       ####         0%          1    N/A
 Sting                    Conj/Pois      ####         0%          1    N/A
 Summon Butterflies       Summ           #######.     0%          1    N/A
 Summon Small Mammal      Summ           ####         0%          1    N/A
 Call Imp                 Summ           #######.     0%          2    N/A
 Corpse Rot               Necr           N/A          0%          2    N/A
 Ensorcelled Hibernation  Hex/Ice        ######       0%          2    N/A
 Passwall                 Tmut/Erth      #######.     0%          2    N/A
 Searing Ray              Conj           ######       0%          2    N/A
 Sticks to Snakes         Tmut           #######.     0%          2    N/A
 Sublimation of Blood     Necr           ########..   0%          2    N/A
 Throw Flame              Conj/Fire      ######       0%          2    N/A
 Throw Frost              Conj/Ice       ######       0%          2    N/A
 Call Canine Familiar     Summ           #######.     0%          3    N/A
 Conjure Flame            Conj/Fire      ########     0%          3    N/A
 Dazzling Spray           Conj/Hex       ######       0%          3    N/A
 Ignite Poison            Fire/Tmut/Pois #######.     0%          3    N/A
 Inner Flame              Hex/Fire       #######.     0%          3    N/A
 Ozocubu's Armour         Chrm/Ice       #######.     0%          3    N/A
 Recall                   Summ/Tloc      N/A          0%          3    N/A
 Spider Form              Tmut/Pois      #######...   0%          3    N/A
 Static Discharge         Conj/Air       #######.     0%          3    N/A
 Stone Arrow              Conj/Erth      ######       0%          3    N/A
 Summon Guardian Golem    Hex/Summ       #######.     0%          3    N/A
 Vampiric Draining        Necr           ########..   0%          3    N/A
 Animate Dead             Necr           N/A          0%          4    N/A
 Force Lance              Conj/Tloc      #######.     0%          4    N/A
 Fulminant Prism          Conj/Hex       #######...   0%          4    N/A
 Ice Form                 Ice/Tmut       #######.     0%          4    N/A
 Iskenderun's Mystic Bla  Conj           ########     0%          4    N/A
 Petrify                  Tmut/Erth      #######.     0%          4    N/A
 Sticky Flame             Conj/Fire      ########     0%          4    N/A
 Summon Ice Beast         Ice/Summ       #######.     0%          4    N/A
 Throw Icicle             Conj/Ice       ########     0%          4    N/A
 Agony                    Necr           ########     0%          5    N/A
 Aura of Abjuration       Summ           #######...   0%          5    N/A
 Blade Hands              Tmut           #######...   0%          5    N/A
 Bolt of Draining         Conj/Necr      ########..   0%          5    N/A
 Bolt of Magma            Conj/Fire/Erth #######...   0%          5    N/A
 Dispel Undead            Necr           ########     0%          5    N/A
 Fireball                 Conj/Fire      ########..   0%          5    N/A
 Lee's Rapid Deconstruct  Erth           #######...   0%          5    N/A
 Lightning Bolt           Conj/Air       #######...   0%          5    N/A
 Summon Demon             Summ           #######...   0%          5    N/A
 Bolt of Cold             Conj/Ice       ########..   0%          6    N/A
 Bolt of Fire             Conj/Fire      ########..   0%          6    N/A
 Death Channel            Necr           ########..   0%          6    N/A
 Hydra Form               Tmut           #######...   0%          6    N/A
 Iron Shot                Conj/Erth      #######...   0%          6    N/A
 Ozocubu's Refrigeration  Ice            ########..   0%          6    N/A
 Simulacrum               Ice/Necr       ########..   0%          6    N/A
 Apportation              Tloc           ######       1%          1    N/A
 Corona                   Hex            ######.      1%          1    N/A
 Infusion                 Chrm           ####         1%          1    N/A
 Poisonous Vapours        Pois/Air       ######       1%          2    N/A
 Slow                     Hex            ######..     1%          2    N/A
 Song of Slaying          Chrm           ####....     1%          2    N/A
 Swiftness                Chrm/Air       ######..     1%          2    N/A
 Confuse                  Hex            ######..     1%          3    N/A
 Gell's Gravitas          Tloc           ######....   1%          3    N/A
 Lesser Beckoning         Tloc           ######....   1%          3    N/A
 Portal Projectile        Hex/Tloc       ######       1%          3    N/A
 Spectral Weapon          Hex/Chrm       ######..     1%          3    N/A
 Teleport Other           Tloc           ######..     1%          3    N/A
 Tukima's Dance           Hex            ######..     1%          3    N/A
 Cause Fear               Hex            ######....   1%          4    N/A
 Leda's Liquefaction      Hex/Erth       #######...   1%          4    N/A
 Olgreb's Toxic Radiance  Pois           ######..     1%          4    N/A
 Alistair's Intoxication  Tmut/Pois      #######.     1%          5    N/A
 Excruciating Wounds      Chrm/Necr      #######...   1%          5    N/A
 Iskenderun's Battlesphe  Conj/Chrm      #######.     1%          5    N/A
 Metabolic Englaciation   Hex/Ice        #######...   1%          5    N/A
 Silence                  Hex/Air        ######....   1%          5    N/A
 Summon Forest            Summ/Tloc      #######...   1%          5    N/A
 Summon Mana Viper        Hex/Summ       #######.     1%          5    N/A
 Venom Bolt               Conj/Pois      #######...   1%          5    N/A
 Yara's Violent Unravell  Hex/Tmut       #######...   1%          5    N/A
 Conjure Ball Lightning   Conj/Air       #######...   1%          6    N/A
 Freezing Cloud           Conj/Ice/Air   #######...   1%          6    N/A
 Poison Arrow             Conj/Pois      #######...   1%          6    N/A
 Shadow Creatures         Summ           N/A          1%          6    N/A
 Dragon Form              Tmut           #######...   1%          7    N/A
 Haunt                    Necr/Summ      ########..   1%          7    N/A
 Monstrous Menagerie      Summ           #######...   1%          7    N/A
 Summon Greater Demon     Summ           #######...   1%          7    N/A
 Summon Hydra             Summ           #######...   1%          7    N/A
 Borgnjor's Revivificati  Necr           ########..   1%          8    N/A
 Ignition                 Fire           ########..   1%          8    N/A
 Infestation              Necr           ########..   1%          8    N/A
 Lehudib's Crystal Spear  Conj/Erth      #######...   1%          8    N/A
 Summon Horrible Things   Summ           #######...   1%          8    N/A
 Chain Lightning          Conj/Air       #######...   2%          8    N/A
 Malign Gateway           Summ/Tloc      #######...   3%          7    N/A
 Ring of Flames           Chrm/Fire      #######...   3%          7    N/A
 Darkness                 Hex            ######....   4%          6    N/A
 Invisibility             Hex            ######..     4%          6    N/A
 Deflect Missiles         Chrm/Air       ######....   13%         6    N/A
 Dragon's Call            Summ           #######...   14%         9    N/A
 Dispersal                Tloc           ######....   19%         6    N/A
 Shatter                  Erth           #######...   43%         9    N/A
 Death's Door             Chrm/Necr      #######...   52%         8    N/A
 Discord                  Hex            ######....   89%         8    N/A
 Controlled Blink         Tloc           N/A          100%        8    N/A
 Disjunction              Tloc           ######....   100%        8    N/A
 Tornado                  Air            ######....   100%        9    N/A
 Passage of Golubria      Tloc           Unusable     N/A         4    N/A

Dungeon Overview and Level Annotations

Branches:
Dungeon (1/1)

Altars:
Cheibriados
Dithmenos
Elyvilon
Fedhas
Gozag
Hepliaklqana
Kikubaaqudgha
Makhleb
Nemelex Xobeh
Okawaru
Qazlal
Ru
Sif Muna
Trog
Uskayaw
Vehumet
Wu Jian
Xom
Yredelemnul
Zin
The Shining One
Beogh
Jiyva
Lugonu

Shops:
D ((


Innate Abilities, Weirdness & Mutations

((You can breathe waves of freezing cold.))
((You can buffet flying creatures when you breathe cold.))
Your icy white scales are hard. (AC +11)
You cannot fit into any form of body armour.
Your flesh is cold resistant. (rC+)
You are cold-blooded and may be slowed by cold attacks.


Message History

There is a shadowy altar of Dithmenos here.
There is a snail-covered altar of Cheibriados here.
There is a roughly hewn altar of Beogh here.
Your spellforged servitor hums quietly as it recharges.
There is an open door to the Temple here.
You close the door.
Casting: Necromutation (safe; 1% risk of failure)
Confirm with . or Enter, or press ? or * to list all spells.
You blink.
There is an open door here.
You close the door.
Casting: Blink (safe; 1% risk of failure)
Confirm with . or Enter, or press ? or * to list all spells.
You blink.
You close the door.
Casting: Blink (safe; 1% risk of failure)
Confirm with . or Enter, or press ? or * to list all spells.
You blink.
You feel less invigorated.
There is a staircase leading out of the dungeon here.
You have escaped!

▓▓▓▓▓▓▓▓▓▓▓▓▓▓▓▓▓▓
...▓...▓...▓...▓L▓
.▓.▓.▓.▓.▓.▓.▓.▓.▓
.▓.▓.▓.▓.▓.▓.▓.▓.▓
.▓.▓.▓.▓.▓.▓.▓.▓§▓
.▓.▓.▓.▓.▓.▓.▓.▓+▓
.▓.▓.▓.▓.▓.▓.▓.▓.▓
.▓.▓.▓.▓.▓.▓§▓.▓.▓
.▓.▓.▓.▓.▓.▓+▓.▓.▓
.▓.▓.▓.▓.▓.▓.▓.▓.▓


There were no monsters in sight!

Vanquished Creatures
  Cerebov (D)
  Antaeus (D)
  Asmodeus (D)
  the Royal Jelly (D)
  Gloorx Vloq (D)
  Mnoleg (D)
  Ereshkigal (D)
  Lom Lobon (D)
  Dispater (D)
  6 orbs of fire (D)
  3 ancient liches (D)
  Boris (D)
  6 greater mummies (D)
  Sojobo (D)
  Xtahua (D)
  Geryon (D)
  Jory (D)
  2 caustic shrikes (D)
  4 golden dragons (D)
  2 Brimstone Fiends (D)
  An electric golem (D)
  A Tzitzimitl (D)
  Rupert (D)
  3 pandemonium lords (D)
  28 Orb Guardians (D)
  3 tentacled monstrosities (D)
  5 liches (D)
  A Hell Sentinel (D)
  4 deep elf blademasters (D)
  A quicksilver dragon (D)
  4 deep elf master archers (D)
  A tentacled starspawn (D)
  11 acid blobs (D)
  A death cob (D)
  14 sphinxes (D)
  A tengu reaver (D)
  6 shadow dragons (D)
  3 storm dragons (D)
  2 nagarajas (D)
  Ilsuiw (D)
  3 fire giants (D)
  4 frost giants (D)
  5 draconian knights (D)
  8 azure jellies (D)
  5 draconian scorchers (D)
  A cacodemon (D)
  2 ghost moths (D)
  2 vault wardens (D)
  2 draconian shifters (D)
  Louise (D)
  4 emperor scorpions (D)
  4 stone giants (D)
  A war gargoyle (D)
  2 ironheart preservers (D)
  A draconian stormcaller (D)
  4 vampire knights (D)
  2 starcursed masses (D)
  3 white draconians (D)
  4 green draconians (D)
  2 black draconians (D)
  3 lorocyprocas (D)
  A spark wasp (D)
  2 deep elf annihilators (D)
  4 yellow draconians (D)
  3 purple draconians (D)
  2 red draconians (D)
  A crystal guardian (D)
  4 mummy priests (D)
  Snorg (D)
  2 yaktaur captains (D)
  3 merfolk javelineers (D)
  An ettin (D)
  6 death oozes (D)
  4 deep elf death magi (D)
  A great orb of eyes (D)
  5 fire dragons (D)
  A hell beast (D)
  4 rakshasas (D)
  6 hydras (D)
  2 ice dragons (D)
  A merfolk avatar (D)
  A spriggan air mage (D)
  21 vault guards (D)
  A centaur warrior (D)
  A naga warrior (D)
  3 catoblepae (D)
  An anaconda (D)
  6 merfolk aquamancers (D)
  An alligator snapping turtle (D)
  4 death yaks (D)
  A tengu warrior (D)
  2 alligators (D)
  2 deep troll shamans (D)
  A deep troll earth mage (D)
  A shock serpent (shapeshifter) (D)
  3 hell knights (D)
  6 orc high priests (D)
  A soul eater (D)
  Nergalle (D)
  A deep elf knight (D)
  A sun demon (D)
  A wretched star (D)
  2 sixfirhies (D)
  An unseen horror (D)
  3 swamp dragons (D)
  A sea snake (D)
  2 deep elf archers (D)
  A necromancer (D)
  A harpy (D)
  5 ironbrand convokers (D)
  A wizard (D)
  10 orc knights (D)
  2 orc sorcerers (D)
  A cyclops (D)
  2 wolf spiders (D)
  3 ugly things (D)
  A mana viper (D)
  A manticore (D)
  11 moths of wrath (D)
  2 guardian serpents (D)
  2 naga magi (D)
  An elephant (D)
  2 black mambas (D)
  2 smoke demons (D)
  A vault sentinel (D)
  4 spiny frogs (D)
  2 rime drakes (D)
  3 efreet (D)
  A hellion (D)
  A komodo dragon (D)
  4 yaktaurs (D)
  4 demonic crawlers (D)
  3 freezing wraiths (D)
  A hellwing (D)
  A wandering mushroom (D)
  16 guardian mummies (D)
  A tyrant leech (D)
  An ancient zyme (D)
  3 merfolk (D)
  A red devil (D)
  3 jumping spiders (D)
  A wind drake (D)
  2 hornets (D)
  3 slime creatures (D)
  3 hippogriffs (D)
  3 redbacks (D)
  2 tarantellas (D)
  3 yaks (D)
  A yak (shapeshifter) (D)
  11 spriggans (D)
  2 water elementals (D)
  3 wraiths (D)
  5 hogs (D)
  Eustachio (D)
  A basilisk (D)
  A hungry ghost (D)
  2 vampire mosquitoes (D)
  A neqoxec (D)
  5 chaos spawn (D)
  A naga (D)
  A floating eye (D)
  2 porcupines (D)
  A large abomination (D)
  14 orc warriors (D)
  An ogre (D)
  An eye of draining (shapeshifter) (D)
  An eye of draining (D)
  A necrophage (D)
  2 crocodiles (D)
  6 bullfrogs (D)
  A killer bee (D)
  2 crimson imps (D)
  5 orc priests (D)
  2 orc wizards (D)
  2 worker ants (D)
  3 adders (D)
  A leopard gecko (D)
  10 orcs (D)
  2 bats (D)
  A bat skeleton (D)
  A bat zombie (D)
  A frilled lizard (D)
  A giant cockroach simulacrum (D)
  A jackal zombie (D)
  A kobold (D)
  2 rats (D)
  17 blocks of ice (D)
  3 fire vortices (D)
550 creatures vanquished.

Vanquished Creatures (collateral kills)
  2 ancient liches (D)
  Saint Roka (D)
  Margery (D)
  Nikola (D)
  An Orb Guardian (D)
  An acid blob (D)
  Kirke (D)
  A shadow dragon (D)
  A tengu reaver (D)
  An azure jelly (D)
  2 nagarajas (D)
  A vampire knight (D)
  A green draconian (D)
  A red draconian (D)
  A black draconian (D)
  A mummy priest (D)
  4 vault guards (D)
  3 hydras (D)
  3 naga warriors (D)
  An anaconda (D)
  A merfolk aquamancer (D)
  3 hell knights (D)
  A sun demon (D)
  2 swamp dragons (D)
  A naga ritualist (D)
  2 guardian serpents (D)
  A naga mage (D)
  A vault sentinel (D)
  A hellwing (D)
  A guardian mummy (D)
  A bog body (D)
  5 blocks of ice (D)
49 creatures vanquished.

Vanquished Creatures (others)
  A human (D)
  45 blocks of ice (D)
  41 fire vortices (D)
  A starspawn tentacle (D)
88 creatures vanquished.

Grand Total: 687 creatures vanquished

Notes
Turn   | Place    | Note
-------+----------+-------------------------------------------
     0 | D        | MordorOrchid the Draconian Venom Mage began the quest for
                  | the Orb.
     0 | D        | Reached XP level 1. HP: 14/14 MP: 3/3
     4 | D        | Reached skill level 1 in Fighting
    67 | D        | Noticed an orc wizard
    67 | D        | Noticed a worker ant
    89 | D        | Reached XP level 2. HP: 26/26 MP: 0/5
    91 | D        | Reached XP level 3. HP: 31/31 MP: 0/7
    93 | D        | Reached skill level 5 in Poison Magic
    96 | D        | Reached XP level 4. HP: 30/38 MP: 1/8
   115 | D        | Found a roughly hewn altar of Beogh.
   115 | D        | Found a snail-covered altar of Cheibriados.
   115 | D        | Found a shadowy altar of Dithmenos.
   115 | D        | Found a white marble altar of Elyvilon.
   115 | D        | Found a blossoming altar of Fedhas.
   115 | D        | Found an opulent altar of Gozag.
   116 | D        | Found a hazy altar of Hepliaklqana.
   117 | D        | Found a viscous altar of Jiyva.
   118 | D        | Found an ancient bone altar of Kikubaaqudgha.
   119 | D        | Found a corrupted altar of Lugonu.
   120 | D        | Found a burning altar of Makhleb.
   121 | D        | Found a sparkling altar of Nemelex Xobeh.
   122 | D        | Found an iron altar of Okawaru.
   123 | D        | Found a stormy altar of Qazlal.
   124 | D        | Found a sacrificial altar of Ru.
   125 | D        | Found a shimmering blue altar of Sif Muna.
   126 | D        | Found a bloodstained altar of Trog.
   127 | D        | Found a hide-covered altar of Uskayaw.
   128 | D        | Found a radiant altar of Vehumet.
   129 | D        | Found an ornate altar of the Wu Jian Council.
   130 | D        | Found a shimmering altar of Xom.
   131 | D        | Found a basalt altar of Yredelemnul.
   132 | D        | Found a glowing silver altar of Zin.
   133 | D        | Became a worshipper of Sif Muna the Loreminder
   134 | D        | Found a glowing golden altar of the Shining One.
   172 | D        | Learned a level 3 spell: Mephitic Cloud
   177 | D        | Learned a level 4 spell: Olgreb's Toxic Radiance
   241 | D        | Noticed a komodo dragon
   241 | D        | Noticed a necrophage
   245 | D        | Reached skill level 1 in Short Blades
   245 | D        | Reached skill level 1 in Evocations
   248 | D        | Reached * piety under Sif Muna
   254 | D        | Killed a komodo dragon
   254 | D        | Reached skill level 5 in Spellcasting
   254 | D        | Reached skill level 5 in Conjurations
   254 | D        | Reached XP level 5. HP: 23/45 MP: 1/13
   254 | D        | Reached XP level 6. HP: 27/51 MP: 1/14
   256 | D        | Reached skill level 5 in Short Blades
   260 | D        | Reached ** piety under Sif Muna
   260 | D        | Reached skill level 5 in Evocations
   293 | D        | Learned a level 5 spell: Venom Bolt
   296 | D        | Learned a level 2 spell: Poisonous Vapours
   368 | D        | Your scales start taking on an icy white colour.
   368 | D        | Reached XP level 7. HP: 57/57 MP: 8/16
   368 | D        | Gained mutation: Your flesh is cold resistant. (rC+) [White
                  | Draconian growth]
   380 | D        | Reached skill level 1 in Air Magic
   392 | D        | Killed an unseen horror
   392 | D        | Reached *** piety under Sif Muna
   392 | D        | Reached XP level 8. HP: 66/70 MP: 3/20
   514 | D        | Noticed a five-headed hydra
   514 | D        | Noticed a rime drake
   514 | D        | Noticed a spiny frog
   522 | D        | Reached skill level 1 in Invocations
   523 | D        | Killed a rime drake
   523 | D        | Reached **** piety under Sif Muna
   527 | D        | Killed a spiny frog
   527 | D        | Reached XP level 9. HP: 74/75 MP: 17/22
   528 | D        | Killed a five-headed hydra
   528 | D        | Reached ***** piety under Sif Muna
   528 | D        | Reached skill level 10 in Spellcasting
   528 | D        | Reached skill level 5 in Invocations
   529 | D        | Received a gift from Sif Muna
   536 | D        | Learned a level 4 spell: Force Lance
   541 | D        | Reached skill level 10 in Conjurations
   583 | D        | Learned a level 3 spell: Dazzling Spray
   586 | D        | Learned a level 2 spell: Searing Ray
   587 | D        | Noticed an elephant
   587 | D        | Noticed a rime drake
   591 | D        | Killed an elephant
   594 | D        | Identified Sif Muna's Disquisition on Creative Conjuration
                  | (Sif Muna gifted it to you in the Dungeon)
   594 | D        | Received a gift from Sif Muna
   595 | D        | Killed a rime drake
   596 | D        | Reached XP level 10. HP: 74/83 MP: 2/25
   652 | D        | Noticed a death yak
   672 | D        | Killed a death yak
   785 | D        | Learned a level 5 spell: Irradiate
   790 | D        | Learned a level 4 spell: Summon Ice Beast
   791 | D        | Noticed a catoblepas
   791 | D        | Noticed a death yak
   791 | D        | Noticed a death yak
   791 | D        | Noticed a death yak
   797 | D        | Noticed a catoblepas
   809 | D        | Killed a death yak
   810 | D        | Killed a catoblepas
   810 | D        | Identified Tidiggepp's Guide on Ashen Flames (Sif Muna
                  | gifted it to you in the Dungeon)
   810 | D        | Received a gift from Sif Muna
   815 | D        | Reached skill level 10 in Dodging
   818 | D        | Killed a death yak
   819 | D        | Reached skill level 5 in Summonings
   820 | D        | Killed a death yak
   820 | D        | Reached skill level 5 in Transmutations
   821 | D        | Killed a catoblepas
   821 | D        | Reached XP level 11. HP: 71/89 MP: 15/27
   823 | D        | Noticed a catoblepas
   852 | D        | Killed a catoblepas
  1015 | D        | Noticed an orc knight
  1019 | D        | Received a gift from Sif Muna
  1025 | D        | Killed an orc knight
  1057 | D        | Noticed an orc knight
  1061 | D        | Identified Sif Muna's Almanac of Mutagenic Combat Magic
                  | (Sif Muna gifted it to you in the Dungeon)
  1061 | D        | Received a gift from Sif Muna
  1067 | D        | Killed an orc knight
  1106 | D        | Noticed an orc high priest
  1106 | D        | Noticed an orc high priest
  1106 | D        | Noticed an orc high priest
  1110 | D        | Killed an orc high priest
  1111 | D        | Killed an orc high priest
  1119 | D        | Killed an orc high priest
  1119 | D        | Identified Sif Muna's Volume of Necromancy (Sif Muna gifted
                  | it to you in the Dungeon)
  1119 | D        | Received a gift from Sif Muna
  1122 | D        | Noticed an orc knight
  1134 | D        | Killed an orc knight
  1168 | D        | Learned a level 3 spell: Conjure Flame
  1192 | D        | Found Xiapn's Weapon Emporium.
  1192 | D        | Noticed an orc knight
  1192 | D        | Noticed an orc sorcerer
  1193 | D        | Noticed an orc knight
  1194 | D        | Identified Sif Muna's Almanac of Enchantment and Evil (Sif
                  | Muna gifted it to you in the Dungeon)
  1194 | D        | Received a gift from Sif Muna
  1195 | D        | Noticed an orc high priest
  1196 | D        | Noticed a sun demon
  1196 | D        | Killed an orc sorcerer
  1197 | D        | Killed an orc knight
  1197 | D        | Reached skill level 1 in Fire Magic
  1199 | D        | Noticed a sun demon
  1205 | D        | Killed an orc knight
  1205 | D        | Killed an orc high priest
  1205 | D        | Reached skill level 5 in Ice Magic
  1208 | D        | Noticed an orc sorcerer
  1212 | D        | Killed an orc sorcerer
  1222 | D        | Noticed an orc knight
  1233 | D        | Killed an orc knight
  1233 | D        | Reached skill level 5 in Air Magic
  1233 | D        | Reached XP level 12. HP: 55/96 MP: 23/30
  1239 | D        | Noticed an orc high priest
  1244 | D        | Killed an orc high priest
  1244 | D        | Identified Sif Muna's Handbook of Conjuration (Sif Muna
                  | gifted it to you in the Dungeon)
  1244 | D        | Received a gift from Sif Muna
  1270 | D        | Found Diukufuy's Weapon Shoppe.
  1277 | D        | Found Aserheom's Magic Scroll Emporium.
  1283 | D        | Found Xalyarogixt's Magic Scroll Shoppe.
  1286 | D        | Bought 7 atropa-tipped darts for 58 gold pieces
  1288 | D        | Noticed an orc high priest
  1295 | D        | Killed an orc high priest
  1295 | D        | Reached ****** piety under Sif Muna
  1319 | D        | Bought a scroll of immolation for 42 gold pieces
  1319 | D        | Bought a scroll of identify for 24 gold pieces
  1321 | D        | Bought a scroll of acquirement for 624 gold pieces
  1321 | D        | Bought a scroll of random uselessness for 12 gold pieces
  1322 | D        | Bought a scroll of blinking for 90 gold pieces
  1322 | D        | Bought a scroll of fog for 24 gold pieces
  1322 | D        | Bought a scroll of immolation for 42 gold pieces
  1322 | D        | Bought a scroll of remove curse for 36 gold pieces
  1328 | D        | Bought a +0 rapier of flaming for 128 gold pieces
  1332 | D        | Bought a scroll of enchant weapon for 90 gold pieces
  1332 | D        | Bought a scroll of enchant armour for 90 gold pieces
  1332 | D        | Bought a scroll of amnesia for 42 gold pieces
  1332 | D        | Bought a scroll of amnesia for 42 gold pieces
  1332 | D        | Bought a scroll of identify for 24 gold pieces
  1332 | D        | Bought a scroll of identify for 24 gold pieces
  1332 | D        | Bought a scroll of identify for 24 gold pieces
  1332 | D        | Bought 3 scrolls of identify for 72 gold pieces
  1334 | D        | Bought a scroll of identify for 24 gold pieces
  1334 | D        | Bought a scroll of amnesia for 42 gold pieces
  1334 | D        | Bought a scroll of identify for 24 gold pieces
  1334 | D        | Bought a scroll of identify for 24 gold pieces
  1334 | D        | Bought a scroll of identify for 24 gold pieces
  1334 | D        | Bought a scroll of remove curse for 36 gold pieces
  1334 | D        | Bought a scroll of silence for 90 gold pieces
  1336 | D        | Bought 3 scrolls of magic mapping for 126 gold pieces
  1406 | D        | Noticed Eustachio
  1410 | D        | Killed Eustachio
  1499 | D        | Learned a level 6 spell: Freezing Cloud
  1523 | D        | Identified Girig's Grimoire of Combat Magic (Sif Muna
                  | gifted it to you in the Dungeon)
  1523 | D        | Received a gift from Sif Muna
  1525 | D        | Noticed a deep troll shaman
  1529 | D        | Noticed a deep troll earth mage
  1536 | D        | Killed a deep troll shaman
  1545 | D        | Killed a deep troll earth mage
  1566 | D        | Identified Sif Muna's Further Progress in Theurgy (Sif Muna
                  | gifted it to you in the Dungeon)
  1566 | D        | Received a gift from Sif Muna
  1568 | D        | Noticed a great orb of eyes
  1584 | D        | Killed a great orb of eyes
  1584 | D        | Reached skill level 15 in Spellcasting
  1631 | D        | Noticed a frost giant
  1640 | D        | Killed a frost giant
  1804 | D        | Noticed an anaconda
  1807 | D        | Killed an anaconda
  1810 | D        | Received a gift from Sif Muna
  1830 | D        | Noticed an anaconda
  1839 | D        | Noticed a naga warrior
  1855 | D        | Killed an anaconda
  1855 | D        | Reached skill level 15 in Conjurations
  1866 | D        | Killed a naga warrior
  2094 | D        | Paralysed by fainting for 11 turns
  2111 | D        | Noticed a merfolk javelineer
  2114 | D        | Killed a merfolk javelineer
  2114 | D        | Reached XP level 13. HP: 98/110 MP: 24/33
  2114 | D        | Received a gift from Sif Muna
  2127 | D        | Reached skill level 10 in Ice Magic
  2170 | D        | Received a gift from Sif Muna
  2212 | D        | Learned a level 1 spell: Animate Skeleton
  2278 | D        | Noticed an emperor scorpion
  2281 | D        | Reached skill level 10 in Fighting
  2281 | D        | Identified Sif Muna's Volume of Conjuration (Sif Muna
                  | gifted it to you in the Dungeon)
  2281 | D        | Received a gift from Sif Muna
  2281 | D        | Reached skill level 1 in Necromancy
  2298 | D        | Killed an emperor scorpion
  2303 | D        | Learned a level 2 spell: Blink
  2313 | D        | Learned a level 7 spell: Orb of Destruction
  2409 | D        | Noticed Kirke
  2413 | D        | Received a gift from Sif Muna
  2437 | D        | Killed Kirke
  2482 | D        | Noticed Snorg
  2490 | D        | Killed Snorg
  2712 | D        | Noticed a stone giant
  2712 | D        | Noticed a fire giant
  2717 | D        | Received a gift from Sif Muna
  2718 | D        | Killed a stone giant
  2719 | D        | Killed a fire giant
  2723 | D        | Noticed a frost giant
  2731 | D        | Killed a frost giant
  2731 | D        | Noticed a fire dragon
  2733 | D        | Killed a fire dragon
  2733 | D        | Reached XP level 14. HP: 55/121 MP: 7/36
  2753 | D        | Identified Izepn's Compendium of Shifting Calling (Sif Muna
                  | gifted it to you in the Dungeon)
  2753 | D        | Received a gift from Sif Muna
  2761 | D        | Noticed a stone giant
  2765 | D        | Reached skill level 15 in Dodging
  2767 | D        | Killed a stone giant
  2834 | D        | Identified Sif Muna's Catalogue of the Earthen Frostbite
                  | (Sif Muna gifted it to you in the Dungeon)
  2834 | D        | Received a gift from Sif Muna
  2882 | D        | Learned a level 4 spell: Summon Lightning Spire
  3066 | D        | Identified Sif Muna's Compendium of Damaging Ignition (Sif
                  | Muna gifted it to you in the Dungeon)
  3066 | D        | Received a gift from Sif Muna
  3073 | D        | Noticed a vault warden
  3087 | D        | Killed a vault warden
  3088 | D        | Noticed a vault warden
  3093 | D        | Killed a vault warden
  3138 | D        | Received a gift from Sif Muna
  3183 | D        | Reached skill level 10 in Invocations
  3220 | D        | Noticed Jory
  3232 | D        | Killed Jory
  3232 | D        | Identified Sif Muna's Papyrus of Ensnaring Cold (Sif Muna
                  | gifted it to you in the Dungeon)
  3232 | D        | Received a gift from Sif Muna
  3303 | D        | Noticed Louise
  3314 | D        | Killed Louise
  3374 | D        | Noticed Rupert
  3379 | D        | Paralysed by Rupert for 4 turns
  3381 | D        | Killed Rupert
  3409 | D        | Noticed Nergalle
  3414 | D        | Killed Nergalle
  3425 | D        | Noticed Boris
  3448 | D        | Killed Boris
  3448 | D        | Reached skill level 15 in Ice Magic
  3520 | D        | Got the +0 triple sword "Haluirgho" {flame, +Blink rPois
                  | MR+}
  3551 | D        | Got the +0 hat of Xauroth {MR+ MP-9 Int+4 Stlth+}
  3605 | D        | Learned a level 7 spell: Spellforged Servitor
  3619 | D        | Noticed Margery
  3627 | D        | Reached XP level 15. HP: 118/126 MP: 13/38
  3627 | D        | Killed Margery
  3627 | D        | Identified Sif Muna's Compendium of Lethal Bewitchment (Sif
                  | Muna gifted it to you in the Dungeon)
  3627 | D        | Received a gift from Sif Muna
  3794 | D        | Received a gift from Sif Muna
  3808 | D        | Received a gift from Sif Muna
  3842 | D        | Got a decaying rune of Zot
  3853 | D        | Noticed a nagaraja
  3853 | D        | Noticed a nagaraja
  3859 | D        | Noticed a nagaraja
  3860 | D        | Killed a nagaraja
  3863 | D        | Killed a nagaraja
  3865 | D        | Noticed a nagaraja
  3867 | D        | Killed a nagaraja
  3886 | D        | Killed a nagaraja
  3888 | D        | Identified Sif Muna's Guide on Summoning and Heat (Sif Muna
                  | gifted it to you in the Dungeon)
  3888 | D        | Received a gift from Sif Muna
  3946 | D        | Got a serpentine rune of Zot
  3964 | D        | Learned a level 6 spell: Bolt of Cold
  4006 | D        | Identified Sif Muna's Grimoire of Shape Shifting and Battle
                  | Magic (Sif Muna gifted it to you in the Dungeon)
  4006 | D        | Received a gift from Sif Muna
  4039 | D        | Killed a ghost moth
  4085 | D        | Killed a ghost moth
  4085 | D        | Identified Iqagal's Tome of Cloudy Changing (Sif Muna
                  | gifted it to you in the Dungeon)
  4085 | D        | Received a gift from Sif Muna
  4114 | D        | Got a gossamer rune of Zot
  4125 | D        | Learned a level 4 spell: Passage of Golubria
  4133 | D        | Noticed Ilsuiw
  4143 | D        | Identified Isilapp's Handbook of Vitriolic Aid (Sif Muna
                  | gifted it to you in the Dungeon)
  4143 | D        | Received a gift from Sif Muna
  4146 | D        | Killed Ilsuiw
  4231 | D        | Got a barnacled rune of Zot
  4399 | D        | Noticed Saint Roka
  4401 | D        | Identified Sif Muna's Collected Works on Damaging
                  | Displacement (Sif Muna gifted it to you in the Dungeon)
  4401 | D        | Received a gift from Sif Muna
  4410 | D        | Killed Saint Roka
  4410 | D        | Reached XP level 16. HP: 44/134 MP: 21/42
  4431 | D        | Noticed Nikola
  4442 | D        | Killed Nikola
  4495 | D        | Noticed a tengu reaver
  4656 | D        | Learned a level 3 spell: Regeneration
  4682 | D        | Killed a tengu reaver
  4716 | D        | Noticed Sojobo
  4716 | D        | Noticed a tengu reaver
  4720 | D        | Killed a tengu reaver
  4720 | D        | Identified Jasi's Compendium of Unholy Secrets and Calling
                  | (Sif Muna gifted it to you in the Dungeon)
  4720 | D        | Received a gift from Sif Muna
  4730 | D        | Killed Sojobo
  4819 | D        | Received a gift from Sif Muna
  4897 | D        | Received a gift from Sif Muna
  4949 | D        | Identified Sif Muna's Lost Grimoire of the Prophet (Sif
                  | Muna gifted it to you in the Dungeon)
  4949 | D        | Received a gift from Sif Muna
  5027 | D        | Learned a level 9 spell: Glaciate
  5040 | D        | Reached skill level 5 in Necromancy
  5048 | D        | Received a gift from Sif Muna
  5066 | D        | Noticed a shadow dragon
  5073 | D        | Identified Sif Muna's Lost Secrets of Wizardry (Sif Muna
                  | gifted it to you in the Dungeon)
  5073 | D        | Received a gift from Sif Muna
  5077 | D        | Killed a shadow dragon
  5077 | D        | Reached skill level 10 in Transmutations
  5078 | D        | Noticed a shadow dragon
  5085 | D        | Killed a shadow dragon
  5190 | D        | Noticed a sphinx
  5190 | D        | Noticed a shadow dragon
  5190 | D        | Noticed a shadow dragon
  5190 | D        | Noticed a shadow dragon
  5191 | D        | Found the +7 great mace "Undeadhunter" {disrupt, rN+}
  5192 | D        | Killed a sphinx
  5192 | D        | Reached skill level 10 in Necromancy
  5193 | D        | Killed a shadow dragon
  5194 | D        | Killed a shadow dragon
  5194 | D        | Identified Esmubaes's Collected Works on Enchanting
                  | Changing (Sif Muna gifted it to you in the Dungeon)
  5194 | D        | Received a gift from Sif Muna
  5194 | D        | Reached XP level 17. HP: 126/140 MP: 16/45
  5200 | D        | Noticed a tentacled monstrosity
  5221 | D        | Killed a tentacled monstrosity
  5254 | D        | Got a silver rune of Zot
  5256 | D        | Got an iridescent mace
  5259 | D        | Identified the +5 mace "Mumoare" {holy, *Slow rF++ MR+
                  | MP+9} (You found it in the Dungeon)
  5346 | D        | Noticed Xtahua
  5354 | D        | Killed Xtahua
  5388 | D        | Got the ring "Quvvon" {-Tele +Inv rPois rC+}
  5391 | D        | Got the ring of Wudim {Ice Int+2}
  5394 | D        | Got the ring "Xelus" {+Inv rPois MR- MP-9 SInv}
  5397 | D        | Got the ring "Trusted Companion" {Ice MR+}
  5400 | D        | Found the +8 frozen axe "Frostbite" {freezing cloud, *Noise
                  | +Fly rC+}
  5410 | D        | Got the +5 double sword of Death's Door {venom, rElec
                  | Int+7}
  5550 | D        | Learned a level 8 spell: Necromutation
  5553 | D        | Noticed a caustic shrike
  5553 | D        | Noticed a caustic shrike
  5555 | D        | Received a gift from Sif Muna
  5556 | D        | Killed a caustic shrike
  5556 | D        | Killed a caustic shrike
  5564 | D        | Reached skill level 15 in Transmutations
  5616 | D        | Noticed a golden dragon
  5616 | D        | Noticed a golden dragon
  5618 | D        | Killed a golden dragon
  5618 | D        | Received a gift from Sif Muna
  5618 | D        | Killed a golden dragon
  5618 | D        | Reached skill level 5 in Stealth
  5623 | D        | Reached skill level 5 in Fire Magic
  5635 | D        | Received a gift from Sif Muna
  5723 | D        | Received a gift from Sif Muna
  5769 | D        | Noticed a quicksilver dragon
  5771 | D        | Reached skill level 10 in Evocations
  5771 | D        | Reached skill level 27 in Spellcasting
  5773 | D        | Received a gift from Sif Muna
  5774 | D        | Killed a quicksilver dragon
  5837 | D        | Noticed a tentacled monstrosity
  5840 | D        | Reached XP level 18. HP: 160/160 MP: 35/49
  5840 | D        | Noticed a golden dragon
  5841 | D        | Identified Sif Muna's Handbook of Supportive Moulding (Sif
                  | Muna gifted it to you in the Dungeon)
  5841 | D        | Received a gift from Sif Muna
  5841 | D        | Killed a tentacled monstrosity
  5862 | D        | Killed a golden dragon
  5862 | D        | Reached skill level 15 in Fighting
  5862 | D        | Reached skill level 10 in Fire Magic
  5862 | D        | Reached skill level 15 in Evocations
  5934 | D        | Identified Sif Muna's Thorough Guide to Sorcery (Sif Muna
                  | gifted it to you in the Dungeon)
  5934 | D        | Received a gift from Sif Muna
  6065 | D        | Noticed an Orb Guardian
  6065 | D        | Noticed an Orb Guardian
  6065 | D        | Noticed an Orb Guardian
  6065 | D        | Noticed an Orb Guardian
  6065 | D        | Noticed an Orb Guardian
  6065 | D        | Noticed an Orb Guardian
  6066 | D        | Noticed an Orb Guardian
  6068 | D        | Killed an Orb Guardian
  6068 | D        | Killed an Orb Guardian
  6068 | D        | Killed an Orb Guardian
  6068 | D        | Killed an Orb Guardian
  6069 | D        | Killed an Orb Guardian
  6077 | D        | Killed an Orb Guardian
  6077 | D        | Reached skill level 15 in Fire Magic
  6077 | D        | Noticed an Orb Guardian
  6079 | D        | Killed an Orb Guardian
  6079 | D        | Noticed an Orb Guardian
  6085 | D        | Noticed an Orb Guardian
  6086 | D        | Killed an Orb Guardian
  6088 | D        | Killed an Orb Guardian
  6091 | D        | Killed an Orb Guardian
  6115 | D        | Noticed a golden dragon
  6115 | D        | Noticed an Orb Guardian
  6115 | D        | Noticed an Orb Guardian
  6115 | D        | Noticed a tentacled monstrosity
  6116 | D        | Noticed an Orb Guardian
  6117 | D        | Killed an Orb Guardian
  6118 | D        | Killed an Orb Guardian
  6118 | D        | Killed a golden dragon
  6126 | D        | Noticed an Orb Guardian
  6128 | D        | Killed a tentacled monstrosity
  6129 | D        | Killed an Orb Guardian
  6132 | D        | Killed an Orb Guardian
  6178 | D        | Learned a level 9 spell: Fire Storm
  6181 | D        | Noticed an ancient lich
  6181 | D        | Noticed an orb of fire
  6182 | D        | Noticed an electric golem
  6183 | D        | Killed an ancient lich
  6185 | D        | Killed an orb of fire
  6185 | D        | Reached XP level 19. HP: 146/172 MP: 26/50
  6185 | D        | Killed an electric golem
  6195 | D        | Noticed an orb of fire
  6195 | D        | Noticed an orb of fire
  6198 | D        | Noticed an orb of fire
  6199 | D        | Killed an orb of fire
  6201 | D        | Killed an orb of fire
  6201 | D        | Reached skill level 27 in Conjurations
  6205 | D        | Killed an orb of fire
  6205 | D        | Noticed an ancient lich
  6229 | D        | Killed an ancient lich
  6231 | D        | Noticed an orb of fire
  6235 | D        | Killed an orb of fire
  6236 | D        | Noticed an orb of fire
  6257 | D        | Killed an orb of fire
  6373 | D        | Reached skill level 27 in Fire Magic
  6374 | D        | Reached skill level 5 in Shields
  6384 | D        | Reached skill level 10 in Summonings
  6408 | D        | Reached skill level 15 in Necromancy
  6519 | D        | Noticed an ancient lich
  6519 | D        | Noticed an ancient lich
  6521 | D        | Reached XP level 20. HP: 187/187 MP: 29/51
  6522 | D        | Killed an ancient lich
  6522 | D        | Reached skill level 10 in Shields
  6526 | D        | Killed an ancient lich
  6537 | D        | Noticed an ancient lich
  6544 | D        | Killed an ancient lich
  6660 | D        | Reached skill level 15 in Summonings
  6682 | D        | Reached skill level 15 in Shields
  6742 | D        | Got an elven rune of Zot
  6781 | D        | Noticed the Royal Jelly
  6788 | D        | Killed the Royal Jelly
  6825 | D        | Reached XP level 21. HP: 138/212 MP: 4/52
  6845 | D        | Got a slimy rune of Zot
  6973 | D        | Learned a level 5 spell: Borgnjor's Vile Clutch
  6977 | D        | Reached skill level 1 in Translocations
  6977 | D        | Reached skill level 1 in Earth Magic
  6986 | D        | Reached skill level 5 in Translocations
  6986 | D        | Reached skill level 5 in Earth Magic
  7083 | D        | Noticed a greater mummy
  7083 | D        | Noticed a greater mummy
  7083 | D        | Noticed a greater mummy
  7083 | D        | Noticed a greater mummy
  7083 | D        | Noticed a greater mummy
  7083 | D        | Noticed a greater mummy
  7086 | D        | Killed a greater mummy
  7087 | D        | Killed a greater mummy
  7087 | D        | Killed a greater mummy
  7087 | D        | Reached skill level 10 in Earth Magic
  7087 | D        | Killed a greater mummy
  7088 | D        | Killed a greater mummy
  7095 | D        | Killed a greater mummy
  7123 | D        | Got a golden rune of Zot
  7219 | D        | Got an abyssal rune of Zot
  7359 | D        | Noticed Geryon
  7370 | D        | Killed Geryon
  7423 | D        | Noticed Ereshkigal
  7423 | D        | Noticed Lom Lobon
  7430 | D        | Killed Ereshkigal
  7448 | D        | Killed Lom Lobon
  7448 | D        | Reached skill level 27 in Fighting
  7448 | D        | Reached skill level 15 in Earth Magic
  7448 | D        | Identified the +4 staff of Dispater
  7448 | D        | Noticed Dispater
  7481 | D        | Noticed Antaeus
  7507 | D        | Killed Dispater
  7565 | D        | Killed Antaeus
  7565 | D        | Reached XP level 22. HP: 121/233 MP: 5/53
  7653 | D        | Identified the +7 sceptre of Asmodeus
  7653 | D        | Noticed Asmodeus
  7689 | D        | Killed Asmodeus
  7694 | D        | Noticed Gloorx Vloq
  7744 | D        | Killed Gloorx Vloq
  7744 | D        | Reached skill level 27 in Ice Magic
  7792 | D        | Noticed Mnoleg
  7801 | D        | Killed Mnoleg
  7825 | D        | Got a bone rune of Zot
  7829 | D        | Got a magical rune of Zot
  7833 | D        | Got an obsidian rune of Zot
  7837 | D        | Got an iron rune of Zot
  7841 | D        | Got a dark rune of Zot
  7843 | D        | Identified the +6 sword of Cerebov {flame}
  7843 | D        | Noticed Cerebov
  7871 | D        | Killed Cerebov
  7871 | D        | Reached skill level 10 in Short Blades
  7898 | D        | Got an icy rune of Zot
  7902 | D        | Got a glowing rune of Zot
  7906 | D        | Got a fiery rune of Zot
  8250 | D        | Learned a level 6 spell: Statue Form
  8252 | D        | Learned a level 1 spell: Confusing Touch
  8255 | D        | Learned a level 2 spell: Shroud of Golubria
  8277 | D        | Learned a level 4 spell: Airstrike
  8277 | D        | Got the Orb of Zot
  8502 | D        | Reached skill level 1 in Hexes
  8927 | D        | Noticed Lajug the pandemonium lord
  8931 | D        | Killed Lajug the pandemonium lord
  8935 | D        | Reached skill level 5 in Hexes
  9128 | D        | Reached skill level 10 in Air Magic
  9560 | D        | Noticed Bammasie the pandemonium lord
  9575 | D        | Killed Bammasie the pandemonium lord
  9873 | D        | Noticed Wimpeon the pandemonium lord
  9881 | D        | Killed Wimpeon the pandemonium lord
  9920 | D        | Escaped with the Orb!

Levels and vault maps discovered:
D:        linesprint [early_d, line_temple, items_1, d_10, items_2, lair_1,
          lair_end, items_3, orc_1, orc_end, items_4, d_15, swamp_1, shoals_1,
          snake_1, spider_1, d_20, vaults_1, items_5, swamp_end, shoals_end,
          snake_end, spider_end, vaults_end, d_27, items_6, zot_1, zot_end,
          crypt_end, forest_end, elf_end, slime_end, tomb_end, abyss_end,
          pan_hell_end]

Skill      XL: |  1  2  3  4  5  6  7  8  9 10 11 12 13 14 15 16 17 18 19 20 21 22 |
---------------+-------------------------------------------------------------------+-----
Fighting       | 3 6 8 10 14 15 18 23 27 | 27.0
Dodging        | 2 3 6 7 8 9 11 12 13 14 16 18 22 24 | 24.9
Conjurations   | 2 5 6 7 9 10 11 13 15 17 20 23 24 25 27 | 27.0
Poison Magic   | 4 5 6 |  6.2
Spellcasting   | 3 5 6 8 9 11 12 14 16 18 19 22 24 27 | 27.0
Short Blades   | 4 5 6 7 8 12 | 12.2
Evocations     | 4 5 13 17 | 17.5
Air Magic      | 2 5 6 11 | 11.9
Invocations    | 4 7 8 12 13 | 13.4
Summonings     | 6 7 11 18 20 21 | 21.6
Transmutations | 6 7 11 15 16 21 22 23 | 23.9
Ice Magic      | 5 9 13 15 18 24 25 27 | 27.0
Fire Magic     | 2 3 9 21 27 | 27.0
Necromancy     | 4 10 14 15 18 20 22 | 22.8
Stealth        | 3 6 |  6.0
Shields        | 9 18 23 26 | 26.1
Translocations | 5 |  5.2
Earth Magic    | 17 18 | 18.6
Hexes          | 8 |  8.5

Action                   |  1- 3 |  4- 6 |  7- 9 | 10-12 | 13-15 | 16-18 | 19-21 | 22-24 || total
-------------------------+-------+-------+-------+-------+-------+-------+-------+-------++-------
Melee: Unarmed           |    35 |       |       |       |     7 |       |       |       ||    42
       Tailslap          |     5 |     2 |     3 |     3 |     1 |     6 |     5 |     8 ||    33
       Rapier            |       |    15 |    35 |    39 |    13 |     7 |     1 |    25 ||   135
       Triple sword      |       |       |       |       |     2 |     5 |       |       ||     7
       Double sword      |       |       |       |       |       |    20 |     5 |       ||    25
       Mace              |       |       |       |       |       |       |     8 |       ||     8
       Staff             |       |       |       |       |       |       |     2 |     3 ||     5
 Cast: Sting             |     7 |     1 |       |       |       |       |       |       ||     8
       Olgreb's Toxic Ra |       |     2 |     6 |    15 |    20 |    10 |     5 |       ||    58
       Mephitic Cloud    |       |     1 |     2 |    25 |     8 |     5 |       |       ||    41
       Venom Bolt        |       |       |     6 |    68 |    53 |       |       |       ||   127
       Force Lance       |       |       |       |    21 |    18 |     1 |       |       ||    40
       Poisonous Vapours |       |       |       |    19 |       |       |       |       ||    19
       Summon Ice Beast  |       |       |       |    15 |    10 |       |       |       ||    25
       Conjure Flame     |       |       |       |     2 |    12 |       |       |       ||    14
       Freezing Cloud    |       |       |       |     3 |    18 |     6 |       |       ||    27
       Animate Skeleton  |       |       |       |       |    33 |     5 |       |       ||    38
       Orb of Destructio |       |       |       |       |    55 |    17 |    13 |    15 ||   100
       Irradiate         |       |       |       |       |     4 |     1 |     3 |     9 ||    17
       Summon Lightning  |       |       |       |       |     4 |     1 |       |     2 ||     7
       Spellforged Servi |       |       |       |       |    11 |    16 |    12 |     8 ||    47
       Blink             |       |       |       |       |     1 |       |     2 |    80 ||    83
       Bolt of Cold      |       |       |       |       |    16 |    48 |    14 |       ||    78
       Invisibility      |       |       |       |       |     1 |       |       |       ||     1
       Glaciate          |       |       |       |       |       |    57 |    53 |    39 ||   149
       Regeneration      |       |       |       |       |       |    21 |    19 |     4 ||    44
       Necromutation     |       |       |       |       |       |     2 |    11 |    27 ||    40
       Fire Storm        |       |       |       |       |       |       |    65 |    20 ||    85
       Passage of Golubr |       |       |       |       |       |       |     6 |    24 ||    30
       Borgnjor's Vile C |       |       |       |       |       |       |     5 |     9 ||    14
       Airstrike         |       |       |       |       |       |       |       |     5 ||     5
Invok: Channel Magic     |       |       |     2 |    20 |    30 |    21 |    29 |    20 ||   122
       Divine Exegesis   |       |       |       |       |     2 |       |       |       ||     2
       Forget Spell      |       |       |       |       |       |     5 |     1 |     2 ||     8
 Abil: End Transformatio |       |       |       |       |       |       |     7 |     7 ||    14
Evoke: Staff of energy   |       |     6 |     3 |    70 |    95 |   111 |   175 |    67 ||   527
       Wand              |       |       |     6 |       |       |       |       |       ||     6
  Use: Potion            |     2 |     1 |       |     1 |     1 |       |     2 |     7 ||    14
       Scroll            |       |       |     5 |     4 |     6 |     4 |     8 |     1 ||    28
 Stab: Confused          |       |       |       |     5 |     2 |     1 |       |       ||     8
       Sleeping          |       |       |       |       |       |       |     1 |       ||     1
  Eat: Chunk             |       |       |     2 |    20 |    31 |    35 |    14 |     1 ||   103
       Ration            |       |       |       |     1 |     4 |     1 |     1 |     1 ||     8
Armor: Skin              |    11 |     2 |     5 |    14 |    14 |    14 |     7 |    24 ||    91
Dodge: Dodged            |    25 |    10 |    30 |    27 |    46 |    26 |    27 |     9 ||   200
Block: Shield            |       |       |       |       |       |       |     5 |       ||     5
       Large shield      |       |       |       |       |       |       |     2 |    13 ||    15
       Rpst.: Triple sword |       |       |       |       |     3 |       |       |       ||     3
       Double sword      |       |       |       |       |       |     1 |     1 |       ||     2

Table legend:
 A = Non-vault XP
 B = Vault XP
 C = Vault XP percentage of total XP
 D = Non-vault monster count
 E = Vault monster count
 F = Vault count percentage of total count
                 A         B        C        D         E       F
            +---------+---------+-------+---------+---------+-------
      Total |    1382 |  773975 |  99.8 |       1 |     528 |  99.8
            +---------+---------+-------+---------+---------+-------
          D |    1382 |  773975 |  99.8 |       1 |     528 |  99.8
            +---------+---------+-------+---------+---------+-------
